AoeStats
← Robin5hood

Arena

510377120Analyzed
2v2 RM · 2d ago on Sep 30, 2026· 35m 7s· 4 players
Game mode
Random Map
Map size
Medium (4 player)
Population
200
Speed
Normal
Resources
Standard
Victory
Conquest
Starting age
Dark Age
Ending age
Imperial Age
RankedLock teamsTeams togetherTeam positionsShared explorationLock speedFull tech treeHidden civsTurbo modeCheats
Victory
Defeat
🇬🇧 Saxons · United Kingdom
1488
+11
🇵🇱 Danes · Poland
1405
+14
🇩🇪 Bohemians · Germany
1382
-13
1358
-12
DerZerfetzer
10:13 Feudal Age
10:49 Feudal Age
12:02 Double-Bit Axe
14:23 Castle Age
12:36 Horse Collar
15:36 Bow Saw
15:30 Heavy Plow
16:24 Loom
20:47 Wheelbarrow
22:12 Hand Cart
34:51 Imperial Age
DerButtermesserSchlitzer
10:21 Feudal Age
14:21 Castle Age
13:42 Double-Bit Axe
16:00 Horse Collar
19:36 Loom
20:19 Bow Saw
22:46 Wheelbarrow
23:34 Stone Mining
24:47 Hand Cart
24:51 Gold Mining
25:10 Heavy Plow
27:08 Gold Shaft Mining
30:36 Imperial Age
28:30 Bloodlines
29:15 Forging
29:16 Scale Barding Armor
29:45 Husbandry
30:23 Cavalier
32:13 Chain Barding Armor
32:29 Iron Casting
32:24 Savar
34:46 Plate Barding Armor
35:12 Blast Furnace
Bilu
8:10 Loom
10:23 Feudal Age
14:23 Castle Age
12:21 Double-Bit Axe
13:30 Horse Collar
13:50 Loom
16:06 Bow Saw
16:36 Heavy Plow
23:14 Wheelbarrow
22:52 Town Watch
25:32 Gold Mining
25:35 Stone Mining
26:14 Hand Cart
30:02 Imperial Age
27:28 Fletching
28:24 Bodkin Arrow
28:49 Bloodlines
28:40 Husbandry
28:47 Scale Mail Armor
28:57 Forging
29:13 Squires
28:59 Gambesons
29:00 Arson
30:04 Gold Shaft Mining
30:59 Ballistics
30:49 Masonry
30:22 Treadmill Crane
31:44 Chemistry
30:15 Heavy Mounted Crossbowman
31:24 Conscription
31:14 Bracer
31:16 Padded Archer Armor
30:54 Cranequins
31:58 Thumb Ring
32:19 Leather Archer Armor
33:35 Ring Archer Armor
33:17 Pikeman
33:56 Halberdier
35:22 Crop Rotation
35:29 Chain Mail Armor
Robin5hood
10:03 Feudal Age
10:37 Feudal Age
8:53 Loom
14:57 Castle Age
15:13 Double-Bit Axe
15:41 Arson
17:00 Squires
17:03 Scale Mail Armor
22:28 Chain Mail Armor
23:22 Bow Saw
27:41 Forging
30:09 Fletching
Connection lost

Rejoining the realm…

Still unreachable

The connection could not be restored.

Session expired

The server has moved on; the page needs a fresh start.